 Dungeon Crawl Stone Soup version 0.22-a0-422-g9628fc8 (webtiles) character file.

240533 magipi the Black Belt (level 18, -3/163 HPs)
             Began as a Pale Draconian Transmuter on May 15, 2018.
             Was a High Priest of Okawaru.
             Slain by a harpy (10 damage)
             ... on level 2 of the Vaults on May 16, 2018.
             The game lasted 03:13:53 (41910 turns).

magipi the Black Belt (Pale Draconian Transmuter)  Turns: 41910, Time: 03:13:53

Health: -3/163     AC: 21    Str: 13    XL:     18   Next: 62%
Magic:  21/30      EV: 20    Int: 19    God:    Okawaru [*****.]
Gold:   1751       SH:  4    Dex: 14    Spells: 18/33 levels left

rFire    . . .     SeeInvis .     - Unarmed
rCold    + . .     Gourm    .   (shield currently unavailable)
rNeg     . . .     Faith    .   (armour unavailable)
rPois    +         Spirit   .   I - +0 hat of the Gate {rPois rC+ rCorr}
rElec    .         Reflect  +   G - +2 cloak {MR+}
rCorr    +         Harm     .   (gloves currently unavailable)
MR       +++..                  U - +2 pair of boots {run}
Stlth    +.........             u - +4 amulet of reflection
HPRegen  0.37/turn              t - +5 ring of protection
MPRegen  0.22/turn              m - ring of protection from magic

@: blade hands, quick
A: breathe steam, unfitting armour, cold-blooded, AC +10
}: 2/15 runes: decaying, gossamer
a: Breathe Steam, End Transformation, Heroism, Finesse, Renounce Religion


You were on level 2 of the Vaults.
You worshipped Okawaru.
Okawaru was extremely pleased with you.
You were not hungry.
You had blades for hands.
You visited 6 branches of the dungeon, and saw 33 of its levels.
You visited 1 bazaar.
You also visited: Sewer and Ice Cave.

You collected 3237 gold pieces.
You spent 1486 gold pieces at shops.

Inventory:

Missiles
 a - 633 arrows
 v - a throwing net
 K - 15 javelins (quivered)
Armour
 l - a +2 pair of gloves (melded)
   (You found it on level 4 of the Swamp)
 G - a +2 cloak of magic resistance (worn)
   (You took it off Maurice on level 9 of the Dungeon)
 I - the +0 hat of the Gate (worn) {rPois rC+ rCorr}
   (Okawaru gifted it to you on level 9 of the Dungeon)

   It protects you from cold.
   It protects you from poison.
   It protects you from acid and corrosion.
 U - a +2 pair of boots of running (worn)
   (Okawaru gifted it to you on level 2 of the Spider Nest)
Jewellery
 f - an uncursed ring of protection from fire
   (You found it on level 1 of the Vaults)
 i - an uncursed ring of see invisible
   (You found it on level 7 of the Dungeon)
 m - a ring of protection from magic (right scythe-like blade)
   (You found it on level 9 of the Dungeon)
 n - an uncursed ring of positive energy
   (You found it on level 15 of the Dungeon)
 o - an uncursed ring of resist corrosion
   (You found it on level 2 of the Vaults)
 s - the ring "Ceigaocw" {Str+2 Slay+3}
   (You found it on level 10 of the Dungeon)

   [ring of slaying]

   It affects your strength (+2).
   It affects your accuracy and damage with ranged weapons and melee attacks
   (+3).
 t - a +5 ring of protection (left scythe-like blade)
   (You found it on level 6 of the Lair of Beasts)
 u - a +4 amulet of reflection (around neck)
   (You found it on level 4 of the Dungeon)
 w - an uncursed ring of wizardry
   (You found it on level 8 of the Dungeon)
Wands
 d - a wand of digging (15)
   (You found it on level 5 of the Lair of Beasts)
 y - a wand of acid (33)
   (You bought it in a shop in a bazaar)
 D - a wand of iceblast (8)
   (You bought it in a shop in a bazaar)
 H - a wand of clouds (2)
   (You found it on level 5 of the Dungeon)
 J - a wand of paralysis (18)
   (You bought it in a shop in a bazaar)
 L - a wand of polymorph (41)
   (You took it off Maurice on level 9 of the Dungeon)
 P - a wand of enslavement (8)
   (You found it on level 5 of the Lair of Beasts)
 R - a wand of flame (44)
   (You found it on level 3 of the Spider Nest)
 T - a wand of random effects (25)
   (You found it on level 2 of the Vaults)
Scrolls
 h - 3 scrolls of blinking
 j - 13 scrolls of identify
 p - 6 scrolls of enchant armour
 x - 10 scrolls of teleportation
 A - 9 scrolls of fog
 C - 4 scrolls of fear
 O - 4 scrolls of remove curse
 S - a scroll of holy word
 V - a scroll of silence
Potions
 b - 6 potions of curing
 e - 3 potions of ambrosia
 g - a potion of magic
 k - 6 potions of berserk rage
 q - 5 potions of mutation
 r - a potion of might
 z - a potion of haste
 B - 11 potions of flight
 M - 7 potions of brilliance
 N - 7 potions of lignification
 Q - 2 potions of resistance
Miscellaneous
 E - a phantom mirror
Comestibles
 c - 27 rations
 W - 2 chunks of flesh


   Skills:
 + Level 15.4 Fighting
 + Level 12.3 Dodging
 + Level 18.2 Unarmed Combat
 - Level 8.0 Spellcasting
 - Level 16.0 Transmutations
 - Level 8.1 Invocations
 - Level 10.0 Evocations


You had 18 spell levels left.
You knew the following spells:

 Your Spells              Type           Power        Failure   Level  Hunger
a - Beastly Appendage     Tmut           ######       3%          1    None
h - Blade Hands           Tmut           ######....   11%         5    #####..
s - Sticks to Snakes      Tmut           ######..     4%          2    None
D - Dragon Form           Tmut           ######....   47%         7    #######

Your spell library contained the following spells:

 Spells                   Type           Power        Failure   Level  Hunger
 Cause Fear               Hex            #.........   94%         4    ###....
 Apportation              Tloc           #.....       43%         1    None
 Lightning Bolt           Conj/Air       #.........   99%         5    #####..
 Confuse                  Hex            #.......     69%         3    None
 Invisibility             Hex            #.......     100%        6    ######.
 Throw Frost              Conj/Ice       #.....       54%         2    None
 Mephitic Cloud           Conj/Pois/Air  #.......     69%         3    None
 Venom Bolt               Conj/Pois      #.........   99%         5    #####..
 Olgreb's Toxic Radiance  Pois           #.......     94%         4    ###....
 Freeze                   Ice            #...         43%         1    None
 Summon Ice Beast         Ice/Summ       #.......     94%         4    ###....
 Ozocubu's Armour         Chrm/Ice       #.......     69%         3    None
 Sting                    Conj/Pois      #...         43%         1    None
 Sublimation of Blood     Necr           #.........   54%         2    None
 Tukima's Dance           Hex            #.......     69%         3    None
 Spider Form              Tmut/Pois      #####.....   16%         3    None
 Statue Form              Tmut/Erth      #####....    85%         6    ######.
 Ice Form                 Ice/Tmut       #####...     26%         4    ###....
 Deflect Missiles         Chrm/Air       #.........   100%        6    ######.
 Throw Icicle             Conj/Ice       #.......     94%         4    ###....
 Confusing Touch          Hex            #.....       43%         1    None
 Ignite Poison            Fire/Tmut/Pois ####....     26%         3    None
 Metabolic Englaciation   Hex/Ice        #.........   99%         5    #####..
 Summon Butterflies       Summ           #.......     43%         1    None
 Silence                  Hex/Air        #.........   99%         5    #####..
 Shatter                  Erth           #.........   100%        9    #######
 Static Discharge         Conj/Air       #.......     69%         3    None
 Alistair's Intoxication  Tmut/Pois      #####...     45%         5    #####..
 Conjure Ball Lightning   Conj/Air       #.........   100%        6    ######.
 Petrify                  Tmut/Erth      #####...     26%         4    ###....
 Tornado                  Air            #.........   100%        9    #######
 Discord                  Hex            #.........   100%        8    #######
 Summon Lightning Spire   Summ/Air       #.......     94%         4    ###....
 Hydra Form               Tmut           ######....   21%         6    ######.
 Irradiate                Conj/Tmut      #####.....   45%         5    #####..
 Gell's Gravitas          Tloc           #.........   69%         3    None
 Yara's Violent Unravell  Hex/Tmut       #####.....   45%         5    #####..
 Lesser Beckoning         Tloc           #.........   69%         3    None
 Poisonous Vapours        Pois/Air       #.....       54%         2    None
 Ignition                 Fire           #.........   100%        8    #######


Dungeon Overview and Level Annotations

Branches:
Dungeon (15/15)            Temple (0/1) D:6            Lair (6/6) D:11
  Swamp (4/4) Lair:4       Spider (4/4) Lair:2        Slime (0/5) Lair:5
    Orc (2/2) D:10            Elf (0/3) Orc:2        Vaults (2/5) D:14
 Depths (0/5) D:15
  Crypt: Vaults:2-3

Altars:
Ashenzari
Dithmenos
Gozag
Kikubaaqudgha
Makhleb
Okawaru
Vehumet
Wu Jian
Xom
Yredelemnul
Zin
Beogh

Shops:
Orc:2 %}:([   Vaults:1 =

Annotations:
D:6 1 exclusion
Lair:5 exclusion: 5 oklob plants


Innate Abilities, Weirdness & Mutations

You can breathe blasts of scalding, opaque steam.
Your pale cyan-grey scales are hard. (AC +10)
You cannot fit into any form of body armour.
You are cold-blooded and may be slowed by cold attacks.


Message History

You slice the flayed ghost!!
The flayed ghost is severely damaged.
A deep troll comes into view.
You feel yourself speed up.
The vault sentinel points at you and mumbles some strange words.
You resist with some effort.
An ironheart preserver comes into view. It is wielding a dire flail.
The yaktaur shoots a bolt.
You reflect the bolt off an invisible shield around you!
The bolt hits the yaktaur!!
The flayed ghost misses you.
Unknown command.
Unknown command.
Unknown command.
You slice the flayed ghost!!
The flayed ghost is almost destroyed.
The vault sentinel shoots a bolt.
The bolt closely misses you. The flayed ghost completely misses you.
Unknown command.
You shred the flayed ghost!!!
You destroy the flayed ghost!
Okawaru accepts your kill.
The yaktaur shoots a bolt.
The bolt completely misses you.
Unknown command.
You shred the deep troll!!!
You kill the deep troll!
Okawaru accepts your kill.
Unknown command.
The ironheart preserver gestures wildly while chanting.
The ironheart preserver begins to accept its allies' injuries.
You shred the harpy!!!
The harpy is heavily wounded.
The harpy claws you but does no damage. The harpy completely misses you.
Unknown command.
You shred the harpy!!!
The harpy is almost dead.
The harpy misses you. x2
Unknown command.
You barely miss the harpy.
The harpy is almost dead.
The harpy barely misses you. You block the harpy's attack.
Unknown command.
You slice the harpy!!
You kill the harpy!
Okawaru accepts your kill. The harpy misses you.
The harpy completely misses you.
Unknown command.
You slice the harpy!!
Your tail-slap misses the harpy.
The harpy is moderately wounded.
The harpy claws you but does no damage. You block the harpy's attack.
The harpy claws you.
* * * LOW HITPOINT WARNING * * *
The harpy misses you.
The ironheart preserver gestures wildly while chanting.
The ironheart preserver is healed somewhat.
You feel like a meek peon again.
Unknown command.
You slash the harpy! You tail-slap the harpy.
The harpy is heavily wounded.
The harpy barely misses you. x2
Unknown command.
You block the harpy's attack. The harpy claws you!
* * * LOW HITPOINT WARNING * * *
Found 30 gold pieces.
You hit the harpy but do no damage.
The harpy is heavily wounded.
The harpy claws you!
* * * LOW HITPOINT WARNING * * *
You block the harpy's attack.
The harpy screeches!
The harpy claws you but does no damage. x2
The harpy screeches!
The harpy closely misses you. The harpy claws you!
* * * LOW HITPOINT WARNING * * *
Blink to where?
Press: ? - help, Dir - move target cursor You are very lightly contaminated with residual magic.
As you read the scroll of blinking, it crumbles to dust.
Unknown command.
You feel better.
Unknown command.
Your magical effects are unravelling.
You feel magically purged.
Your magical contamination has completely faded away.
Your hands revert to their normal proportions.
Your +2 pair of gloves unmelds from your body.
You feel yourself slow down.
The sentinel's mark upon you fades away.
Casting: Blade Hands (safe; 1% risk of failure)
Confirm with . or Enter, or press ? or * to list all spells.
Your hands turn into razor-sharp scythe blades.
Your +2 pair of gloves melds into your body.
The harpy claws you but does no damage. x2
Unknown command.
Unknown command.
You hit the harpy.
The harpy is heavily wounded.
The harpy claws you but does no damage. The harpy claws you!
* * * LOW HITPOINT WARNING * * *
The harpy claws you!
You die...

#.........##.....#
#.........##.....#
#.........##.....#
#.........##.....#
#.........##.....#
#.).......##.....#
###.........##.....#
.#############.....#
.# #..@..# .#
#..H..# .# #.....#
.# #.....# ##
#.....# #.....#
#.....# #T....#
#.....#


You could see a deep troll and a harpy.

Vanquished Creatures
  Saint Roka (Orc:2)
  Arachne (Spider:4)
  Rupert (D:13)
  A sphinx (Vaults:1)
  The ghost of hyperdstrtn the Nimble, an adept OpNe of Fedhas (Vaults:2)
  Agnes (Spider:2)
  Kirke (Lair:4)
  2 storm dragons (Vaults:2)
  3 thorn hunters
  A frost giant (IceCv)
  3 ghost moths
  Aizul (Vaults:1)
  2 vault wardens (Vaults:1)
  5 ironheart preservers
  2 emperor scorpions
  Louise (Swamp:4)
  5 entropy weavers
  Azrael (Spider:1)
  A stone giant (Vaults:1)
  A spark wasp (Spider:4)
  An ettin (D:15)
  Snorg (D:13)
  Josephine (D:13)
  Erolcha (D:9)
  2 vault guards (Vaults:1)
  A crystal guardian (Vaults:1)
  4 yaktaur captains
  20 hydras
  A rakshasa (D:13)
  A ghost crab (Swamp:1)
  2 centaur warriors
  3 catoblepae (Lair:6)
  7 two-headed ogres
  2 ogre magi
  9 alligators
  2 tengu warriors (D:13)
  4 death yaks (Lair:6)
  Urug (D:10)
  An orc high priest (Orc:1)
  A deep troll shaman (Vaults:2)
  The ghost of Tiareth the Digger, a novice TrEE (D:8)
  A storm dragon zombie (D:15)
  A deep elf knight (Vaults:1)
  2 skeletal warriors (D:15)
  3 unseen horrors
  A storm dragon skeleton (D:15)
  3 spriggan druids
  A swamp dragon (shapeshifter) (D:15)
  2 flayed ghosts
  2 lindwurms (Swamp:4)
  4 deep trolls
  5 shambling mangroves
  A deep elf archer (Vaults:2)
  4 wizards
  A necromancer (D:15)
  4 ironbrand convokers
  3 orc knights
  7 swamp dragons
  A phantasmal warrior (D:15)
  16 wolf spiders
  Pikel (D:7)
  2 oklob plants (Lair:2)
  5 harpies (Vaults:2)
  4 deep elf magi
  9 orb spiders
  An orc sorcerer (Orc:2)
  7 ugly things
  2 manticores (Lair:6)
  5 elephants (Lair:3)
  An ice statue (IceCv)
  3 moths of wrath
  7 cyclopes
  3 centaur zombies
  8 black mambas
  Maurice (D:9)
  A stone giant skeleton (D:15)
  A black mamba (shapeshifter) (Vaults:1)
  12 spiny frogs
  2 gargoyles
  2 torpor snails
  2 vault sentinels
  8 komodo dragons
  2 ice devils (Lair:3)
  2 rime drakes
  An efreet (D:14)
  A freezing wraith (Vaults:1)
  7 yaktaurs
  8 demonic crawlers
  40 jumping spiders
  A queen bee (D:12)
  11 tyrant leeches
  3 meliai (D:12)
  15 polar bears
  6 trolls
  A queen bee (shapeshifter) (Vaults:1)
  20 hornets
  6 bog bodies
  A hornet (shapeshifter) (Vaults:2)
  5 hippogriffs
  21 dream sheep
  12 slime creatures
  3 blink frogs (Lair:4)
  5 spriggans
  2 shadows
  50 redbacks
  A vampire (D:13)
  2 wyverns
  31 tarantellas
  5 wraiths
  48 yaks
  A golden eye (shapeshifter) (Vaults:1)
  A basilisk (Lair:5)
  3 fire elementals (Spider:1)
  7 hogs (Lair:4)
  A hungry ghost (D:15)
  A tengu zombie (D:15)
  26 vampire mosquitoes
  3 wargs
  Menkaure (D:7)
  37 insubstantial wisps
  14 swamp worms
  5 acid dragons
  2 hell hounds (Spider:1)
  12 water moccasins
  10 porcupines
  4 black bears
  36 orc warriors
  2 phantoms
  3 sky beasts
  A slave (D:7)
  6 ice beasts
  10 swamp drakes
  2 eyes of draining
  A necrophage (D:15)
  27 wolves
  3 boggarts (Vaults:2)
  12 ogres
  11 centaurs
  6 crocodiles
  5 big kobolds
  15 bullfrogs
  A wyvern zombie (D:10)
  An ogre simulacrum (Vaults:2)
  A water moccasin skeleton (D:9)
  A wyvern skeleton (D:12)
  2 scorpions
  The ghost of Goblin1989 the Chopper, a weakling DsCK of Xom (D:3)
  31 killer bees
  5 wights (D:8)
  2 howler monkeys
  9 electric eels
  8 crimson imps
  A bullfrog zombie (D:12)
  12 hounds
  A quasit (D:6)
  6 jellies
  34 orc wizards
  28 orc priests
  5 centaur skeletons
  2 iguanas
  10 worker ants
  A hound zombie (D:5)
  A hound skeleton (D:8)
  A howler monkey zombie (D:8)
  2 worker ant zombies (D:8)
  3 gnolls (D:7)
  9 adders
  5 shadow imps
  An ooze (D:4)
  3 leopard geckos
  145 orcs
  A ball python (D:3)
  7 giant cockroaches
  6 goblins
  4 hobgoblins
  6 jackals
  4 quokkas
  5 bats
  7 frilled lizards
  A jackal skeleton (D:4)
  18 kobolds
  A leopard gecko skeleton (D:8)
  A quokka skeleton (D:6)
  3 rats
  3 plants
1227 creatures vanquished.

Vanquished Creatures (collateral kills)
  2 wolf spiders (Spider:4)
  4 orb spiders
  3 redbacks (Spider:4)
  Purgy (Sewer)
  A bullfrog zombie (D:5)
  A gnoll (D:7)
  An adder (D:2)
  A worm (D:3)
  A frilled lizard (D:3)
15 creatures vanquished.

Vanquished Creatures (others)
  Nikola (Swamp:4)
  A spark wasp (Spider:4)
  A shadow wraith (Vaults:2)
  A lindwurm (Swamp:4)
  A harpy (Vaults:2)
  A spriggan (Swamp:2)
  2 redbacks (Spider:4)
  A swamp drake (Swamp:4)
  An orc (Vaults:1)
  3 briar patches
  5 fungi
  16 plants
  A withered plant (D:15)
35 creatures vanquished.

Grand Total: 1277 creatures vanquished

Notes
Turn   | Place    | Note
-------+----------+-------------------------------------------
     0 | D:1      | magipi the Draconian Transmuter began the quest for the Orb.
     0 | D:1      | Reached XP level 1. HP: 16/16 MP: 3/3
   121 | D:1      | Reached XP level 2. HP: 23/23 MP: 3/5
   127 | D:1      | Learned a level 2 spell: Sticks to Snakes
   638 | D:2      | Found a shadowy altar of Dithmenos.
   753 | D:2      | Reached XP level 3. HP: 27/28 MP: 4/6
   785 | D:2      | Found an iron altar of Okawaru.
   803 | D:2      | Became a worshipper of Warmaster Okawaru
   808 | D:2      | Found a basalt altar of Yredelemnul.
   912 | D:2      | Reached skill level 4 in Unarmed Combat
  1201 | D:3      | Found a glowing drain.
  1295 | Sewer    | Entered a sewer
  1426 | Sewer    | Noticed a big kobold
  1436 | Sewer    | Killed a big kobold
  1436 | Sewer    | Reached XP level 4. HP: 29/35 MP: 3/7
  1458 | Sewer    | Noticed Purgy
  1475 | Sewer    | Killed Purgy
  1475 | Sewer    | Reached * piety under Okawaru
  1475 | Sewer    | Reached skill level 5 in Unarmed Combat
  1475 | Sewer    | Reached XP level 5. HP: 26/40 MP: 0/8
  1787 | D:3      | Found a glowing silver altar of Zin.
  1921 | D:3      | Noticed Goblin1989's ghost (weakling DsCK)
  2772 | D:3      | Killed Goblin1989's ghost
  2772 | D:3      | Reached XP level 6. HP: 35/47 MP: 0/9
  2852 | D:4      | Found an ancient bone altar of Kikubaaqudgha.
  2928 | D:4      | Reached skill level 6 in Unarmed Combat
  3142 | D:3      | Reached ** piety under Okawaru
  3392 | D:4      | Found an ornate altar of the Wu Jian Council.
  3418 | D:5      | Entered Level 5 of the Dungeon
  3748 | D:5      | Your scales start taking on a pale cyan-grey colour.
  3748 | D:5      | Reached XP level 7. HP: 42/52 MP: 4/10
  3855 | D:5      | Reached skill level 7 in Unarmed Combat
  3890 | D:5      | Found an opulent altar of Gozag.
  4000 | D:5      | Found a radiant altar of Vehumet.
  4016 | D:5      | Reached skill level 5 in Transmutations
  4568 | D:6      | Reached *** piety under Okawaru
  4571 | D:6      | Reached skill level 8 in Unarmed Combat
  4571 | D:6      | Reached XP level 8. HP: 41/59 MP: 11/11
  4908 | D:6      | Found a staircase to the Ecumenical Temple.
  5382 | D:7      | Noticed Menkaure
  5416 | D:7      | Killed Menkaure
  5728 | D:7      | Reached skill level 9 in Unarmed Combat
  5934 | D:7      | Reached **** piety under Okawaru
  6196 | D:7      | Noticed Pikel
  6213 | D:7      | Killed Pikel
  6213 | D:7      | Reached skill level 10 in Unarmed Combat
  6213 | D:7      | Reached XP level 9. HP: 46/64 MP: 9/12
  6479 | D:8      | Noticed Tiareth's ghost (novice TrEE)
  6736 | D:7      | Learned a level 5 spell: Blade Hands
  6754 | D:8      | Killed Tiareth's ghost
  6754 | D:8      | Reached ***** piety under Okawaru
  6767 | D:8      | Found Acsobu's Armour Boutique.
  6774 | D:8      | Reached skill level 11 in Unarmed Combat
  6801 | D:8      | Received a gift from Okawaru
  7338 | D:8      | Killed an unseen horror
  7338 | D:8      | Reached XP level 10. HP: 38/71 MP: 13/13
  7521 | D:8      | Reached skill level 12 in Unarmed Combat
  8007 | D:8      | Noticed a two-headed ogre
  8017 | D:8      | Killed a two-headed ogre
  8017 | D:8      | Received a gift from Okawaru
  8043 | D:8      | Found a shattered altar of Ashenzari.
  8626 | D:9      | Found a shimmering altar of Xom.
  8633 | D:9      | Found a burning altar of Makhleb.
  8688 | D:9      | Noticed Erolcha
  9109 | D:9      | Noticed Maurice
  9127 | D:9      | Killed Maurice
  9127 | D:9      | Reached skill level 10 in Transmutations
  9382 | D:9      | Killed Erolcha
  9382 | D:9      | Received a gift from Okawaru
  9382 | D:9      | Reached XP level 11. HP: 57/84 MP: 10/17
  9386 | D:9      | Got a warped hat {god gift}
  9396 | D:9      | Identified the +0 hat of the Gate {rPois rC+ rCorr} (Okawaru gifted it to you on level 9 of the Dungeon)
  9865 | D:10     | Entered Level 10 of the Dungeon
  9891 | D:10     | Got a bound steel ring
 10069 | D:10     | Reached skill level 5 in Fighting
 10349 | D:10     | Noticed Urug
 10372 | D:10     | Killed Urug
 10372 | D:10     | Reached skill level 5 in Dodging
 10718 | D:10     | Found a staircase to the Orcish Mines.
 10835 | D:10     | Killed an unseen horror
 11228 | D:10     | Found a roughly hewn altar of Beogh.
 12093 | D:11     | Found a staircase to the Lair.
 12390 | D:11     | Reached XP level 12. HP: 103/103 MP: 11/18
 12563 | Lair:1   | Entered Level 1 of the Lair of Beasts
 12572 | Lair:1   | Reached skill level 1 in Invocations
 12588 | Lair:1   | Reached skill level 1 in Evocations
 12671 | Lair:1   | Received a gift from Okawaru
 13315 | Lair:2   | Noticed a five-headed hydra
 13330 | Lair:2   | Noticed a six-headed hydra
 13480 | Lair:2   | Killed a five-headed hydra
 13537 | Lair:2   | Noticed a four-headed hydra
 13549 | Lair:2   | Killed a four-headed hydra
 13558 | Lair:2   | Killed a six-headed hydra
 13558 | Lair:2   | Reached skill level 10 in Fighting
 13782 | Lair:2   | Found a hole to the Spider Nest.
 13803 | Lair:2   | Received a gift from Okawaru
 14133 | Lair:2   | Reached skill level 5 in Invocations
 14133 | Lair:2   | Reached skill level 5 in Evocations
 14573 | Lair:3   | Found a frozen archway.
 14592 | IceCv    | Entered an ice cave
 14660 | IceCv    | Reached XP level 13. HP: 105/113 MP: 12/19
 15071 | IceCv    | Noticed a frost giant
 15192 | IceCv    | Killed a frost giant
 15419 | Lair:3   | Reached skill level 10 in Dodging
 15606 | Lair:3   | Received a gift from Okawaru
 16622 | Lair:3   | Identified the ring "Ceigaocw" {Str+2 Slay+3} (You found it on level 10 of the Dungeon)
 16690 | Lair:4   | Reached skill level 10 in Evocations
 16924 | Lair:4   | Noticed Kirke
 16955 | Lair:4   | Killed Kirke
 16966 | Lair:4   | Reached skill level 13 in Unarmed Combat
 17059 | Lair:4   | Found a staircase to the Swamp.
 17114 | Lair:4   | Reached XP level 14. HP: 113/121 MP: 21/21
 17617 | Lair:5   | Found a staircase to the Slime Pits.
 17762 | Lair:5   | Received a gift from Okawaru
 17953 | Lair:5   | Identified a scroll of acquirement
 18418 | Lair:5   | Reached skill level 14 in Unarmed Combat
 18651 | Lair:6   | Entered Level 6 of the Lair of Beasts
 19729 | Lair:6   | Reached skill level 15 in Unarmed Combat
 20356 | Orc:1    | Entered Level 1 of the Orcish Mines
 20767 | Orc:2    | Entered Level 2 of the Orcish Mines
 20790 | Orc:2    | Found a roughly hewn altar of Beogh.
 20798 | Orc:2    | Received a gift from Okawaru
 20799 | Orc:2    | Found Ifo Puuw's Book Shop.
 20907 | Orc:2    | Found a roughly hewn altar of Beogh.
 21136 | Orc:2    | Found a staircase to the Elven Halls.
 21154 | Orc:2    | Found a roughly hewn altar of Beogh.
 21315 | Orc:2    | Found Ryff's Gadget Boutique.
 21403 | Orc:2    | Bought a wand of iceblast (8) for 168 gold pieces
 21403 | Orc:2    | Bought a wand of acid (7) for 308 gold pieces
 21435 | Orc:2    | Found a roughly hewn altar of Beogh.
 21439 | Orc:2    | Found Dawiozuhi's Food Shoppe.
 21835 | Orc:2    | Found a roughly hewn altar of Beogh.
 22155 | Orc:2    | Noticed Saint Roka
 22245 | Orc:2    | Killed Saint Roka
 22555 | Orc:2    | Found a roughly hewn altar of Beogh.
 22555 | Orc:2    | Found Cihasets's Antique Armour Shoppe.
 22561 | Orc:2    | Found Cez Dio's Antique Weapon Emporium.
 22575 | Orc:2    | Bought a pair of glowing boots for 150 gold pieces
 23285 | D:12     | Reached XP level 15. HP: 125/132 MP: 18/22
 23646 | D:12     | Reached skill level 16 in Unarmed Combat
 24023 | D:12     | Received a gift from Okawaru
 24115 | D:13     | Noticed Rupert
 24139 | D:13     | Killed Rupert
 24641 | D:13     | Noticed Josephine
 24661 | D:13     | Killed Josephine
 24699 | D:13     | Noticed Snorg
 24705 | D:13     | Killed Snorg
 25387 | D:14     | Received a gift from Okawaru
 25465 | D:14     | Found a gate to the Vaults.
 25540 | D:14     | Found a flickering gateway to a bazaar.
 25558 | Bazaar   | Entered a bazaar
 25561 | Bazaar   | Found Kiosch's General Store.
 25562 | Bazaar   | Found Kudali's Antique Armour Shop.
 25565 | Bazaar   | Found Baun's General Store.
 25575 | Bazaar   | Found Leistyts's Gadget Shop.
 25585 | Bazaar   | Bought a wand of paralysis (12) for 126 gold pieces
 25594 | Bazaar   | Found Sipen's Antique Weapon Emporium.
 25619 | Bazaar   | Bought a wand of acid (12) for 288 gold pieces
 25619 | Bazaar   | Bought a wand of iceblast (4) for 72 gold pieces
 25626 | Bazaar   | Bought 2 potions of cancellation for 192 gold pieces
 25626 | Bazaar   | Bought a potion of curing for 36 gold pieces
 25626 | Bazaar   | Bought a scroll of teleportation for 36 gold pieces
 25637 | Bazaar   | Bought 2 scrolls of teleportation for 66 gold pieces
 25637 | Bazaar   | Bought a scroll of identify for 22 gold pieces
 25637 | Bazaar   | Bought a scroll of identify for 22 gold pieces
 26138 | D:15     | Entered Level 15 of the Dungeon
 26146 | D:15     | Found a staircase to the Depths.
 27151 | Spider:1 | Entered Level 1 of the Spider Nest
 27195 | Spider:1 | Reached skill level 17 in Unarmed Combat
 27629 | Spider:1 | Noticed Azrael
 27638 | Spider:1 | Killed Azrael
 28162 | Spider:2 | Reached XP level 16. HP: 105/146 MP: 23/23
 28609 | Spider:2 | Noticed Agnes
 28618 | Spider:2 | Killed Agnes
 28936 | Spider:2 | Received a gift from Okawaru
 28980 | Spider:1 | Identified a +0 pair of boots of running (Okawaru gifted it to you on level 2 of the Spider Nest)
 29114 | Spider:2 | Upgraded the game from 0.22-a0-419-g492bfec to 0.22-a0-422-g9628fc8
 30276 | Spider:4 | Entered Level 4 of the Spider Nest
 30874 | Spider:4 | Reached skill level 15 in Fighting
 30958 | Spider:4 | Noticed Arachne
 30989 | Spider:4 | Killed Arachne
 31399 | Spider:4 | Reached skill level 18 in Unarmed Combat
 32284 | Spider:4 | Received a gift from Okawaru
 32532 | Spider:4 | Got a gossamer rune of Zot
 32717 | Swamp:1  | Entered Level 1 of the Swamp
 32853 | Swamp:1  | Reached XP level 17. HP: 131/156 MP: 21/24
 33704 | Swamp:2  | Received a gift from Okawaru
 33731 | Swamp:2  | Identified the +1 cloak of the Chupacabra {Int+2} (Okawaru gifted it to you on level 2 of the Swamp)
 34571 | Swamp:3  | Identified the +1 hat "Filaxump" {rN++} (You acquired it on level 3 of the Swamp)
 34664 | Swamp:3  | HP: 2/156 [thorn hunter (26)]
 35495 | Swamp:4  | Entered Level 4 of the Swamp
 35905 | Swamp:4  | Reached skill level 5 in Spellcasting
 36191 | Swamp:4  | Noticed Nikola
 36200 | Swamp:4  | Killed Nikola
 36878 | Swamp:4  | Got a decaying rune of Zot
 36975 | Swamp:4  | Noticed Louise
 36998 | Swamp:4  | Killed Louise
 37271 | Swamp:4  | Learned a level 7 spell: Dragon Form
 37612 | Vaults:1 | Entered Level 1 of the Vaults
 38907 | Vaults:1 | Reached XP level 18. HP: 137/163 MP: 23/28
 39054 | Vaults:1 | Received a gift from Okawaru
 40342 | Vaults:1 | Reached skill level 15 in Transmutations
 40350 | Vaults:1 | Noticed Aizul
 40371 | Vaults:1 | Killed Aizul
 40630 | Vaults:1 | Found Dionker's Jewellery Emporium.
 41578 | Vaults:2 | Noticed hyperdstrtn's ghost (adept OpNe)
 41627 | Vaults:2 | Killed hyperdstrtn's ghost
 41744 | Vaults:2 | Received a gift from Okawaru
 41903 | Vaults:2 | HP: 8/163 [harpy (10)]
 41910 | Vaults:2 | HP: 7/163 [harpy (9)]
 41910 | Vaults:2 | Slain by a harpy

Vault maps used:
D:1:      mrwooster_arrival_statue
D:2:      nicolae_dithmenos_shadow_blocks, nicolae_overflow_hidden_temple,
          okawaru_gym_becter, kennysheep_small_spiral, minmay_split_cup_small
D:3:      zin_scriptorium, portal_sewer_entry_b
D:4:      kiku_gazebo_garden_becter, marbit_many_paths
D:5:      lemuel_crystal_altar, first_ration, vehumet_altar_wand_db
D:6:      minmay_temple_entry_large_hall, tgw_sif
D:7:      the_bakery, uniq_menkaure, uniq_pikel
D:8:      cheibrodos_ideogram_h, kennysheep_little_box, serial_shops, shop
D:9:      lemuel_crystal_altar, xom_teletrap_fun, uniq_maurice, uniq_erolcha
D:10:     erik_orc_4, special_room, uniq_urug
D:11:     david_lair_shrubbed, st_stairs_9
D:12:     special_room
D:13:     kennysheep_generic_room_11, uniq_rupert, uniq_snorg, uniq_josephine
D:14:     david_vaults_2, serial_shops, bzr_firewalk, serial_curves,
          eino_curves_03, eino_curves_02, eino_curves_02, eino_curves_04
D:15:     gammafunk_depths_entry_grave, serial_bayou_lagoon_a, dispersion_dpeg
Lair:1:   dpeg_oklob_gauntlet, st_stairs_13, nicolae_lair_grove_arrangements
Lair:2:   nicolae_spider_entry_tight_spaces, minmay_lair_oklob_chamber
Lair:3:   cheibrodos_lair_river_kwai, portal_ice_cave_demonic_guard,
          beast_lair_carwin_2, infiniplex_staircase_pool
Lair:4:   minmay_swamp_entry_swarm, uniq_kirke
Lair:5:   minmay_slime_entry_oklob_open, grunt_megastairs_2
Lair:6:   evilmike_catoblepas_cave
Swamp:1:  serial_swamp_ruin, hangedman_swamp_ruin_wall,
          evilmike_swamp_ruin_house_5, evilmike_swamp_ruin_house_3
Swamp:2:  evilmike_swamp_ruin_house_4
Swamp:3:  hangedman_swamp_ruin_hall, swamp_pool4
Swamp:4:  swamp_alternative, uniq_nikola, uniq_louise
Spider:1: uniq_azrael
Spider:2: zaba_anthell, uniq_agnes
Spider:4: johnstein_spider_rune_arachne_lair
Orc:2:    grunt_orc_community_town_hall, grunt_orc_community_big_house_2,
          grunt_orc_community_big_house_2, grunt_orc_community_house_2,
          grunt_orc_community_house_1, grunt_orc_community_house_1,
          grunt_orc_community_house_2, grunt_orc_community_house_2,
          grunt_orc_community_house_2, serial_shops, shop,
          nicolae_orc_lost_temple
Vaults:1: v_misc_3, dpeg_vaults_monster_row, v_misc_4, v_rooms_6, v_misc_25,
          ontoclasm_vaults_tryst, nicolae_vaults_rhombus_7,
          ontoclasm_vaults_eye, grunt_vaults_hallway_short, serial_shops, shop,
          uniq_aizul
Vaults:2: v_alt_pattern_3, nicolae_vaults_branching_niches,
          vaults_room_grunt_arrival_checkpoint, hangedman_vaults_capsules,
          v_rooms_1, nicolae_vaults_big_ls, v_misc_2, hangedman_vaults_pinch,
          ontoclasm_vaults_claustrophobia, nicolae_vaults_specimen_jars,
          grunt_vaults_hallway_short, ontoclasm_vaults_idyll,
          vaults_room_door_ring
Bazaar:   bazaar_kb_twisted_cavern
Sewer:    kennysheep_door_sewer
IceCv:    ice_cave_small_giant

Skill      XL: |  1  2  3  4  5  6  7  8  9 10 11 12 13 14 15 16 17 18 |
---------------+-------------------------------------------------------+-----
Unarmed Combat | 4 5 6 8 10 11 12 13 15 17 18 | 18.2
Transmutations | 3 4 5 7 8 10 12 14 16 | 16.0
Spellcasting   | 4 7 8 |  8.0
Dodging        | 3 7 9 10 12 | 12.3
Fighting       | 4 8 10 11 14 15 | 15.4
Invocations    | 5 8 |  8.1
Evocations     | 5 10 | 10.0

Action                   |  1- 3 |  4- 6 |  7- 9 | 10-12 | 13-15 | 16-18 || total
-------------------------+-------+-------+-------+-------+-------+-------++-------
Melee: Unarmed           |   105 |   146 |   254 |   615 |  1166 |  1048 ||  3334
       Tailslap          |    11 |    12 |    35 |    67 |   139 |   127 ||   391
       Headbutt          |     3 |     6 |    29 |    14 |     5 |    16 ||    73
       Kick              |     3 |     6 |       |       |       |       ||     9
       Punch             |     1 |     2 |    12 |    23 |    78 |    78 ||   194
       Bite              |       |       |       |       |       |     7 ||     7
Throw: Javelin           |       |     1 |     1 |     9 |    10 |     9 ||    30
 Cast: Beastly Appendage |    12 |    14 |    24 |    10 |     4 |    13 ||    77
       Sticks to Snakes  |     3 |    14 |     8 |       |     2 |     2 ||    29
       Blade Hands       |       |       |     1 |    48 |    91 |    76 ||   216
       Dragon Form       |       |       |       |       |       |     5 ||     5
Invok: Heroism           |       |     1 |     2 |    33 |    63 |    50 ||   149
       Finesse           |       |       |       |       |     2 |     5 ||     7
 Abil: Breathe Steam     |       |       |    13 |    12 |    18 |    14 ||    57
       End Transformatio |       |       |       |     2 |     3 |     1 ||     6
Evoke: Wand              |       |       |     1 |    21 |     9 |    23 ||    54
  Use: Scroll            |     4 |     6 |     2 |     9 |    13 |    14 ||    48
       Potion            |       |       |     1 |     2 |     2 |    12 ||    17
 Stab: Sleeping          |     3 |       |     3 |     5 |    14 |     1 ||    26
       Distracted        |       |       |       |     1 |     1 |     2 ||     4
       Invisible         |       |       |       |       |     3 |       ||     3
       Paralysed         |       |       |       |       |     2 |     5 ||     7
       Confused          |       |       |       |       |       |     2 ||     2
  Eat: Chunk             |     2 |     4 |     6 |    31 |    54 |    19 ||   116
       Ration            |       |     2 |     2 |     3 |     8 |    15 ||    30
Armor: Skin              |    26 |    60 |   102 |   200 |   286 |   408 ||  1082
Dodge: Dodged            |    58 |    97 |   115 |   430 |   845 |   980 ||  2525
Block: Other             |       |       |       |    22 |   166 |   164 ||   352
       Reflection        |       |       |       |       |     2 |    13 ||    15

Table legend:
 A = Spawn XP
 B = Non-spawn XP
 C = Spawn XP percentage of total XP
 D = Spawn monster count
 E = Non-spawn monster count
 F = Spawn count percentage of total count
 G = Total turns spent on level
                    A         B        C        D         E        F      G
               +---------+---------+-------+---------+---------+-------+---------
         Total |       0 |  343833 |   0.0 |       0 |    1245 |   0.0 | 41910
               +---------+---------+-------+---------+---------+-------+---------
           D:1 |       0 |      24 |   0.0 |       0 |      15 |   0.0 |   619
           D:2 |       0 |      41 |   0.0 |       0 |      11 |   0.0 |   611
           D:3 |       0 |     197 |   0.0 |       0 |      22 |   0.0 |  1589
           D:4 |       0 |     118 |   0.0 |       0 |      12 |   0.0 |   760
           D:5 |       0 |     536 |   0.0 |       0 |      16 |   0.0 |   774
           D:6 |       0 |     565 |   0.0 |       0 |      13 |   0.0 |  1047
           D:7 |       0 |    1370 |   0.0 |       0 |      19 |   0.0 |  1340
           D:8 |       0 |    4699 |   0.0 |       0 |      64 |   0.0 |  2229
           D:9 |       0 |    3796 |   0.0 |       0 |      26 |   0.0 |  1253
          D:10 |       0 |    3624 |   0.0 |       0 |      75 |   0.0 |  1551
          D:11 |       0 |    8098 |   0.0 |       0 |      52 |   0.0 |  1374
          D:12 |       0 |    9592 |   0.0 |       0 |      64 |   0.0 |  1033
          D:13 |       0 |   12087 |   0.0 |       0 |      39 |   0.0 |  1162
          D:14 |       0 |    3975 |   0.0 |       0 |      12 |   0.0 |   841
          D:15 |       0 |   11376 |   0.0 |       0 |      22 |   0.0 |   788
        Lair:1 |       0 |    3218 |   0.0 |       0 |      12 |   0.0 |   974
        Lair:2 |       0 |    8599 |   0.0 |       0 |      26 |   0.0 |  1275
        Lair:3 |       0 |   12556 |   0.0 |       0 |      42 |   0.0 |  1449
        Lair:4 |       0 |    8690 |   0.0 |       0 |      30 |   0.0 |  1059
        Lair:5 |       0 |    7101 |   0.0 |       0 |      27 |   0.0 |  1010
        Lair:6 |       0 |   15583 |   0.0 |       0 |      42 |   0.0 |  1454
       Swamp:1 |       0 |   13256 |   0.0 |       0 |      41 |   0.0 |   917
       Swamp:2 |       0 |   16410 |   0.0 |       0 |      47 |   0.0 |   990
       Swamp:3 |       0 |   12053 |   0.0 |       0 |      24 |   0.0 |  1955
       Swamp:4 |       0 |   23200 |   0.0 |       0 |      42 |   0.0 |   814
      Spider:1 |       0 |   12409 |   0.0 |       0 |      35 |   0.0 |  1583
      Spider:2 |       0 |   12443 |   0.0 |       0 |      37 |   0.0 |   554
      Spider:3 |       0 |   14340 |   0.0 |       0 |      34 |   0.0 |  1633
      Spider:4 |       0 |   33290 |   0.0 |       0 |      77 |   0.0 |  1703
         Orc:1 |       0 |    2557 |   0.0 |       0 |      29 |   0.0 |   487
         Orc:2 |       0 |   10465 |   0.0 |       0 |      95 |   0.0 |  1715
      Vaults:1 |       0 |   40564 |   0.0 |       0 |      58 |   0.0 |  3480
      Vaults:2 |       0 |   27558 |   0.0 |       0 |      43 |   0.0 |   818
         Sewer |       0 |     178 |   0.0 |       0 |       6 |   0.0 |   222
         IceCv |       0 |    9265 |   0.0 |       0 |      36 |   0.0 |   745
               +---------+---------+-------+---------+---------+-------+---------

Action                   |  1- 3 |  4- 6 |  7- 9 | 10-12 | 13-15 | 16-18 || total
-------------------------+-------+-------+-------+-------+-------+-------++-------
Melee: Unarmed           |   105 |   146 |   254 |   615 |  1166 |  1048 ||  3334
       Tailslap          |    11 |    12 |    35 |    67 |   139 |   127 ||   391
       Headbutt          |     3 |     6 |    29 |    14 |     5 |    16 ||    73
       Kick              |     3 |     6 |       |       |       |       ||     9
       Punch             |     1 |     2 |    12 |    23 |    78 |    78 ||   194
       Bite              |       |       |       |       |       |     7 ||     7
Throw: Javelin           |       |     1 |     1 |     9 |    10 |     9 ||    30
 Cast: Beastly Appendage |    12 |    14 |    24 |    10 |     4 |    13 ||    77
       Sticks to Snakes  |     3 |    14 |     8 |       |     2 |     2 ||    29
       Blade Hands       |       |       |     1 |    48 |    91 |    76 ||   216
       Dragon Form       |       |       |       |       |       |     5 ||     5
Invok: Heroism           |       |     1 |     2 |    33 |    63 |    50 ||   149
       Finesse           |       |       |       |       |     2 |     5 ||     7
 Abil: Breathe Steam     |       |       |    13 |    12 |    18 |    14 ||    57
       End Transformatio |       |       |       |     2 |     3 |     1 ||     6
Evoke: Wand              |       |       |     1 |    21 |     9 |    23 ||    54
  Use: Scroll            |     4 |     6 |     2 |     9 |    13 |    14 ||    48
       Potion            |       |       |     1 |     2 |     2 |    12 ||    17
 Stab: Sleeping          |     3 |       |     3 |     5 |    14 |     1 ||    26
       Distracted        |       |       |       |     1 |     1 |     2 ||     4
       Invisible         |       |       |       |       |     3 |       ||     3
       Paralysed         |       |       |       |       |     2 |     5 ||     7
       Confused          |       |       |       |       |       |     2 ||     2
  Eat: Chunk             |     2 |     4 |     6 |    31 |    54 |    19 ||   116
       Ration            |       |     2 |     2 |     3 |     8 |    15 ||    30
Armor: Skin              |    26 |    60 |   102 |   200 |   286 |   408 ||  1082
Dodge: Dodged            |    58 |    97 |   115 |   430 |   845 |   980 ||  2525
Block: Other             |       |       |       |    22 |   166 |   164 ||   352
       Reflection        |       |       |       |       |     2 |    13 ||    15
